 Dungeon Crawl Stone Soup version 0.29-a0-323-g050149a (webtiles) character file.

Game seed: 13286360112435164926

46 Illumine the Chiller (level 3, -6/19 HPs)
             Began as a Kobold Ice Elementalist on Apr 9, 2022.
             Mangled by a gnoll
             ... wielding a +0 halberd
              (10 damage)
             ... on level 2 of the Dungeon.
             The game lasted 00:02:05 (1708 turns).

Illumine the Chiller (Kobold Ice Elementalist)      Turns: 1708, Time: 00:02:06

Health: -6/19      AC:  4    Str:  5    XL:     3   Next: 92%
Magic:  5/7        EV: 15    Int: 18    God:
Gold:   49         SH:  0    Dex: 15    Spells: 7/8 levels left

rFire   . . .      SeeInvis .   n - +2 short sword (elec)
rCold   . . .      Faith    .   (no shield)
rNeg    + . .      Spirit   .   d - +2 robe {rN+}
rPois   .          Reflect  .   (no helmet)
rElec   .          Harm     .   (no cloak)
rCorr   .          Rampage  .   (no gloves)
Will    .....                   (no boots)
Stlth   +++.......              (no amulet)
HPRegen 0.06/turn               (no ring)
MPRegen 0.10/turn               (no ring)

@: no status effects
A: small, no large weapons, nightstalker 3
a: no special abilities


You were on level 2 of the Dungeon.
You visited 1 branch of the dungeon, and saw 2 of its levels.

You collected 119 gold pieces.
You spent 70 gold pieces at shops.

Inventory:

Hand Weapons
 n - a +2 short sword of electrocution (weapon)
Armour
 d - a +2 robe of positive energy (worn)
Jewellery
 j - a ring of poison resistance
Scrolls
 a - a scroll of fear {unknown}
 c - 4 scrolls of teleportation
 e - a scroll of vulnerability {unknown}
 g - a scroll of amnesia {unknown}
 i - a scroll of holy word {unknown}
 k - a scroll of noise {unknown}
Potions
 b - a potion of magic
 f - a potion of lignification
 h - a potion of haste
 l - a potion of curing {unknown}


   Skills:
 + Level 0.7 Short Blades
 - Level 2.4 Dodging
 - Level 2.6 Stealth
 + Level 3.1 Spellcasting
 + Level 4.6 Ice Magic


You had 7 spell levels left.
You knew the following spells:

 Your Spells              Type           Power      Damage    Failure   Level
a - Freeze                Ice            76%        1d9       2%          1

Your spell library contained the following spells:

 Spells                   Type           Power      Damage    Failure   Level
 Frozen Ramparts          Ice            38%        1d5       7%          3
 Ozocubu's Armour         Ice            19%        N/A       7%          3
 Hailstorm                Conj/Ice       11%        3d5       52%         4


Dungeon Overview and Level Annotations

Branches:
Dungeon (2/15)

Altars:

Shops:
D:1 ?


Innate Abilities, Weirdness & Mutations

You are small and have problems with some larger weapons.
You are completely attuned to the shadows.


Message History

Found a scroll of identify.
The endoplasm hits you but does no damage.
You puncture the endoplasm!
You kill the endoplasm!
m - 2 scrolls of identify (gained 1) As you open the door, it creaks loudly!
You hear a shout! x2
As you read the scroll of identify, it crumbles to dust.
f - a potion of lignification
As you read the scroll of identify, it crumbles to dust.
h - a potion of haste A gnoll comes into view.
It is wielding a +0 halberd.
A gnoll is nearby!
A kobold comes into view. It is wielding a +0 short sword.
There is an open door here.
There is an open door here.
The kobold throws a stone.
The stone misses you.
The kobold hits you with a +0 short sword.
Casting: Freeze (safe; 2% risk of failure)
Confirm with . or Enter, or press ? or * to list all spells.
Aiming: Freeze (safe; 2% risk of failure)
Press: ? - help, Shift-Dir - straight line, f - kobold
Aim: a kobold, wielding a +0 short sword and quivering stones You freeze the kobold.
You kill the kobold!
The gnoll shouts!
You hear a shout!
There is an open door here.
A gnoll comes into view. It is wielding a +0 spear.
The gnoll hits you with a +0 halberd!
Ouch! That really hurt!
* * * LOW HITPOINT WARNING * * *
Casting: Freeze (safe; 2% risk of failure)
Confirm with . or Enter, or press ? or * to list all spells.
Aiming: Freeze (safe; 2% risk of failure)
Press: ? - help, Shift-Dir - straight line, f - gnoll
Aim: a gnoll, wielding a +0 halberd You freeze the gnoll.
The gnoll is moderately wounded.
The gnoll hits you with a +0 halberd!
Ouch! That really hurt!
You die...

# # ## ... #. .g.
..##. #.# #.#.. #g#
###.#.. #@# #......
##'## #.....# ##...##
#.....# ##.....##
##.....# ##.......##
##......#
#.........####...#.###
+.........'.........†.
#.........####...#.###
##.......## ###.##.###


You could see 2 gnolls.

Vanquished Creatures
  An adder (D:2)
  3 bats (D:1)
  4 endoplasms
  6 hobgoblins (D:1)
  A jackal (D:1)
  6 kobolds
  4 ball pythons
  3 frilled lizards (D:1)
  2 goblins (D:1)
  4 rats (D:1)
34 creatures vanquished.

Notes
Turn   | Place    | Note
-------+----------+-------------------------------------------
     0 | D:1      | Illumine the Kobold Ice Elementalist began the quest for
                  | the Orb.
     0 | D:1      | Reached XP level 1. HP: 10/10 MP: 3/3
   137 | D:1      | Reached XP level 2. HP: 13/15 MP: 0/5
   511 | D:1      | Reached XP level 3. HP: 19/19 MP: 2/7
  1186 | D:1      | Found Dikhlufec's Magic Scroll Shop.
  1216 | D:1      | Bought a scroll of identify for 28 gold pieces
  1216 | D:1      | Bought a scroll of teleportation for 42 gold pieces
  1626 | D:2      | Found a faded altar of an unknown god.
  1708 | D:2      | Mangled by a gnoll

Illustrated notes

Levels and vault maps discovered:
D:1:      enne_arrival_octagon_isle, layout_basic, serial_shops,
          nicolae_shop_window_shopping, solitary_fountain, st_stairs_11
D:2:      layout_loops_corners, nicolae_ecumenical_pavilion, bh_walls_and_bars,
          uniq_crazy_yiuf_cottage

Skill      XL: |  1  2  3 |
---------------+----------+-----
Spellcasting   | 3 |  3.1
Short Blades   | |  0.7
Dodging        | |  2.4
Stealth        | |  2.6
Ice Magic      | |  4.6

Action                   || total
-------------------------++-------
Melee: Unarmed           ||     2
       Short sword       ||    15
 Cast: Freeze            ||    35
  Use: Scroll            ||     2
 Stab: Sleeping          ||     5
Armor: Robe              ||     7
Dodge: Dodged            ||    27

Table legend: (Time is in decaauts)
 A = Elapsed time spent in this place.
 B = Non-inter-level travel time spent in this place.
 C = Inter-level travel time spent in this place.
 D = Time resting spent in this place.
 E = Time spent auto-exploring this place.
 F = Levels seen in this place.
 G = Mean time per level.
                   A        B        C        D        E       F      G
               +--------+--------+--------+--------+--------+-----+--------+
         Total |   1708 |   1683 |     25 |     18 |   1455 |   2 |  854.0 |
       Dungeon |   1708 |   1683 |     25 |     18 |   1455 |   2 |  854.0 |
               +--------+--------+--------+--------+--------+-----+--------+

Top non-repeatable levels by time:
     D:1: 1626 daAuts
     D:2: 82 daAuts
